 Dungeon Crawl Stone Soup version 0.29.1-12-g30fa7ad0bf (webtiles) character file.

Game seed: 15562577555619382386

1018 Jaijje the Cudgeller (level 8, -2/61 HPs)
             Began as a Demonspawn Abyssal Knight on Dec 30, 2022.
             Was a Priest of Lugonu.
             Slain by an ufetubus (5 damage)
             ... on level 5 of the Dungeon.
             The game lasted 00:15:43 (6754 turns).

Jaijje the Cudgeller (Demonspawn Abyssal Knight)    Turns: 6754, Time: 00:15:48

Health: -2/61      AC: -3    Str: 17    XL:     8   Next: 2%
Magic:  11/11      EV: 12    Int: 11    God:    Lugonu [***...]
Gold:   238        SH:  4    Dex: 13    Spells: 7/7 levels left

rFire   + . .      SeeInvis .   a - +2 mace
rCold   . . .      Faith    .   (no shield)
rNeg    . . .      Spirit   .   b - +1 leather armour
rPois   .          Reflect  .   (no helmet)
rElec   .          Harm     .   (no cloak)
rCorr   .          Rampage  .   (no gloves)
Will    .....                   (no boots)
Stlth   +.........              (no amulet)
HPRegen 0.20/turn               l - ring of wizardry
MPRegen 0.12/turn               x - ring of protection from fire

@: corroded
A: icemail 1, condensation shield, demonic magic 2
a: Renounce Religion, Depart the Abyss, Bend Space, Banish


You were on level 5 of the Dungeon.
You worshipped Lugonu.
Lugonu was most pleased with you.
You visited 1 branch of the dungeon, and saw 6 of its levels.
You visited the Abyss 1 time.
You also visited: Sewer.

You collected 238 gold pieces.

Inventory:

Hand Weapons
 a - a +2 mace (weapon)
Missiles
 i - 4 boomerangs
 r - 21 poisoned darts
Armour
 b - a +1 leather armour (worn)
Magical Staves
 k - a staff of cold
 m - a staff of conjuration
Jewellery
 l - a ring of wizardry (left hand)
 o - the ring "Fogohigi" {rCorr EV+4 Str+8 Int-3}
   (You found it on level 5 of the Dungeon)

   [ring of evasion]

   EV:        It affects your evasion (+4).
   Str:       It affects your strength (+8).
   Int:       It affects your intelligence (-3).
   rCorr:     It protects you from acid and corrosion.
 p - an amulet of faith
 x - a ring of protection from fire (right hand)
Wands
 d - a wand of digging (5)
 u - a wand of flame (38)
Scrolls
 e - 2 scrolls of immolation
 f - 4 scrolls of identify
 g - 5 scrolls of teleportation
 j - a scroll of blinking
 s - 2 scrolls of enchant weapon
Potions
 h - a potion of resistance
 n - 2 potions of berserk rage {unknown}
 q - a potion of haste {unknown}
 t - 6 potions of heal wounds
 v - 4 potions of flight
 z - a potion of ambrosia {unknown}
 A - a potion of lignification {unknown}


   Skills:
 + Level 4.4 Fighting
 * Level 7.3 Maces & Flails
 - Level 1.7 Armour
 - Level 1.9 Dodging
 - Level 0.3 Shields
 * Level 4.5 Invocations


You had 7 spell levels left.
You didn't know any spells.
Your spell library contained the following spells:

 Spells                   Type           Power      Damage    Failure   Level
 Sandblast                Erth           0%         2d4       16%         1
 Passwall                 Tmut/Erth      0%         N/A       26%         2
 Stone Arrow              Conj/Erth      0%         3d7       43%         3
 Summon Ice Beast         Ice/Summ       0%         N/A       82%         4
 Summon Mana Viper        Hex/Summ       0%         N/A       98%         5
 Monstrous Menagerie      Summ           0%         N/A       100%        7


Dungeon Overview and Level Annotations

Branches:
Dungeon (6/15)              Sewer (visited)
 Temple: D:4-7

Altars:
Ashenzari
Kikubaaqudgha
Nemelex Xobeh
Yredelemnul

Shops:
D:4 :


Innate Abilities, Weirdness & Mutations

A meltable icy envelope protects you from harm. (AC +4)
A meltable shield of frost defends you. (SH +4)
Spells you cast may paralyse nearby enemies.


Message History

There is a stone staircase leading down here.
You hit the jelly. The acid corrodes you!
Your hands burn!
Your punch misses the jelly.
The jelly is moderately wounded.
The ufetubus hits you. You block the ufetubus's attack.
The jelly barely misses you.
The ufetubus hits you but does no damage.
You block the ufetubus's attack.
You hit the jelly. The acid corrodes you!
Your hands burn!
The jelly is heavily wounded.
The ufetubus hits you. x2; The jelly barely misses you.
You hit the jelly but do no damage.
Your hands burn!
The jelly is heavily wounded.
The ufetubus hits you. The ufetubus misses you. The jelly hits you.
The acid corrodes you!
You are splashed with acid!
The ufetubus barely misses you. The ufetubus hits you.
You sock the jelly!
Your hands burn!
The jelly is almost dead.
The ufetubus barely misses you. x2; You block the jelly's attack.
You are too injured to fight recklessly!
You are too injured to fight recklessly!
You are too injured to fight recklessly!
You are too injured to fight recklessly!
You hit the jelly but do no damage.
Your hands burn!
The jelly is almost dead.
The ufetubus closely misses you. The ufetubus barely misses you.
The jelly hits you.
You are splashed with acid!
* * * LOW HITPOINT WARNING * * *
The ufetubus barely misses you. The ufetubus hits you.
* * * LOW HITPOINT WARNING * * *
You feel better. The ufetubus barely misses you. The ufetubus hits you.
* * * LOW HITPOINT WARNING * * *
You block the jelly's attack.
You feel better. The ufetubus barely misses you.
The ufetubus closely misses you. The jelly hits you.
* * * LOW HITPOINT WARNING * * *
The acid corrodes you!
You are splashed with acid!
* * * LOW HITPOINT WARNING * * *
The ufetubus misses you. The ufetubus hits you.
You die...

###### #.##..........# ###
##~~~~###....####.###.#
#.###~~~~~~###)..# #.# #.#
#....~~..........# #.# #.#####
....~~...........# #.# #.....#
...~....~~.......# #.# ####.##
...~..~~..~......# #.# #.#
....~~....~......####.# #.#
.......⌠~~......@J....######.#
......~~⌠......5.............#
.....~....~~...#.#############
.....~..~~..~..#.#
......~~....~..#.#
..........~~...#.#
.........~~....#.#
..###~~~~~~###.#.# .##
##~~~~## ###.#


You could see a jelly and an ufetubus.

Vanquished Creatures
  A water moccasin (D:5)
  An ice beast (D:5)
  An ogre (D:5)
  2 kobold brigands (Sewer)
  A scorpion (D:4)
  A jelly (D:5)
  A gnoll bouda (D:5)
  4 hounds
  An orc priest (D:5)
  4 iguanas
  5 adders
  4 gnolls (D:3)
  A river rat (Sewer)
  2 shadow imps (D:5)
  An ufetubus (D:5)
  4 worms
  4 dart slugs
  6 orcs
  7 ball pythons
  4 bats
  5 endoplasms
  4 giant cockroaches
  6 goblins
  5 hobgoblins
  6 jackals (D:2)
  8 quokkas
  2 frilled lizards (D:2)
  9 kobolds
  11 rats
111 creatures vanquished.

Notes
Turn   | Place    | Note
-------+----------+-------------------------------------------
     0 | Abyss:1  | Jaijje the Demonspawn Abyssal Knight began the quest for
                  | the Orb.
     0 | Abyss:1  | Reached XP level 1. HP: 18/18 MP: 2/2
    85 | Abyss:1  | Noticed a large abomination
    86 | Abyss:1  | Noticed a culicivora
    99 | D:1      | Escaped the Abyss
   118 | D:1      | Noticed a rime drake
   119 | D:1      | Noticed a black bear
   119 | D:1      | Noticed a swamp worm
   144 | D:1      | Reached skill level 1 in Dodging
   200 | D:1      | Found a faded altar of an unknown god.
   401 | D:1      | Gained mutation: A meltable shield of frost defends you.
                  | (SH +4) [demonic ancestry]
   401 | D:1      | Reached XP level 2. HP: 19/24 MP: 3/3
   497 | D:1      | Reached skill level 2 in Maces & Flails
  1496 | D:2      | Gained mutation: A meltable icy envelope protects you from
                  | harm. (AC +4) [demonic ancestry]
  1496 | D:2      | Reached XP level 3. HP: 29/29 MP: 4/4
  2084 | D:2      | Reached skill level 3 in Maces & Flails
  2177 | D:2      | Reached XP level 4. HP: 31/35 MP: 5/5
  2583 | D:3      | Found a glowing drain.
  2595 | Sewer    | Entered a sewer
  2603 | Sewer    | Reached XP level 5. HP: 28/41 MP: 6/6
  2604 | Sewer    | Reached *** piety under Lugonu
  2780 | Sewer    | Reached skill level 4 in Maces & Flails
  2800 | Sewer    | Reached XP level 6. HP: 18/48 MP: 8/8
  3142 | D:3      | Reached skill level 5 in Maces & Flails
  3869 | D:4      | Found a broken altar of Ashenzari.
  4535 | D:4      | Found Geeggab's Book Boutique.
  5019 | D:5      | Entered Level 5 of the Dungeon
  5083 | D:5      | Gained mutation: Spells you cast may paralyse adjacent
                  | enemies. [demonic ancestry]
  5083 | D:5      | Reached XP level 7. HP: 47/54 MP: 9/9
  5206 | D:5      | Found an ancient bone altar of Kikubaaqudgha.
  5228 | D:5      | Reached skill level 6 in Maces & Flails
  5915 | D:5      | Reached skill level 7 in Maces & Flails
  6152 | D:5      | Gained mutation: Spells you cast may paralyse nearby
                  | enemies. [demonic ancestry]
  6152 | D:5      | Reached XP level 8. HP: 28/61 MP: 11/11
  6165 | D:5      | Found a sparkling altar of Nemelex Xobeh.
  6354 | D:5      | Found a basalt altar of Yredelemnul.
  6401 | D:5      | Identified the ring "Fogohigi" {rCorr EV+4 Str+8 Int-3}
  6754 | D:5      | HP: 3/61 [acid (9)]
  6754 | D:5      | Slain by an ufetubus

Illustrated notes

Levels and vault maps discovered:
D:1:      onia_arrival_zoo_common, layout_loops_ring,
          shapermc_ecumenical_altar_pompeii, hangedman_glass_teeth
D:2:      wad_river_or_something, layout_rooms
D:3:      layout_loops_ring, cheibrodos_sewer_entry_drain
D:4:      layout_cave_pools, lemuel_doored_altar, serial_shops,
          nicolae_inconvenience_store, chequers_serial_rivers_small_a
D:5:      cheibrodos_helix_gallery, layout_basic, kennysheep_ying_yang,
          mainiacjoe_overflow_concentric_impassable, nemelex_dance_club_becter,
          minmay_splitting_lines, minivault_26
D:6:      layout_cave_pods, trog_ov_bears_minmay

Skill      XL: |  1  2  3  4  5  6  7 |
---------------+----------------------+-----
Dodging        | 1 |  1.9
Maces & Flails | 2 3 4 5 7 |  7.3
Invocations    | 3 4 |  4.5
Fighting       | 4 |  4.4
Armour         | |  1.7
Shields        | |  0.3

Action                   |  1- 3 |  4- 6 |  7- 9 || total
-------------------------+-------+-------+-------++-------
Melee: Mace              |   132 |   254 |   117 ||   503
       Punch             |     1 |     1 |       ||     2
Invok: Depart the Abyss  |     1 |       |       ||     1
  Use: Potion            |       |     1 |     2 ||     3
       Scroll            |       |       |    11 ||    11
 Stab: Sleeping          |     3 |     2 |       ||     5
       Distracted        |     1 |       |       ||     1
Armor: Leather armour    |    53 |    81 |    35 ||   169
Dodge: Dodged            |    78 |   147 |    60 ||   285
Block: Other             |    25 |    44 |    27 ||    96
